 Dungeon Crawl Stone Soup version 0.28.0 (webtiles) character file.

Game seed: 16197579824303870488

3731 Morbidden the Reanimator (level 9, -12/117 HPs)
             Began as a Deep Dwarf Necromancer on Feb 10, 2022.
             Was a Believer of Makhleb.
             Mangled by a death yak (15 damage)
             ... on level 8 of the Dungeon on Feb 11, 2022.
             The game lasted 00:18:58 (12061 turns).

Morbidden the Reanimator (Deep Dwarf Necromancer)  Turns: 12061, Time: 00:18:58

Health: -12/117    AC: 24    Str: 13 (14) XL:     9   Next: 92%
Magic:  18/18      EV:  2    Int: 16 (18) God:    Makhleb [**....]
Gold:   541        SH:  0    Dex: 12 (13) Spells: 15/21 levels left

rFire   . . .      SeeInvis .   q - +0 war axe
rCold   . . .      Faith    .   (no shield)
rNeg    + . .      Spirit   .   (armour currently unavailable)
rPois   +          Reflect  .   (helmet currently unavailable)
rElec   .          Harm     .   (cloak currently unavailable)
rCorr   .          Rampage  .   (gloves currently unavailable)
Will    +....      NoTele   +   (boots currently unavailable)
Stlth   ++........              D - amulet of magic regeneration
HPRegen 0.00/turn               w - ring of positive energy
MPRegen 0.56/turn               (no ring)

@: tree-form, attractive
A: stationary, stasis, torment immunity, boosted hp, damage resistance, heal
wounds, sense surroundings 2, no regeneration
a: Heal Wounds, Renounce Religion, Minor Destruction


You were on level 8 of the Dungeon.
You worshipped Makhleb.
Makhleb was pleased with you.
You were a tree.
You visited 2 branches of the dungeon, and saw 9 of its levels.
You also visited: Ossuary.

You collected 541 gold pieces.

Inventory:

Hand Weapons
 q - a +0 war axe (weapon)
Missiles
 k - 3 javelins
 t - 6 boomerangs (quivered)
Armour
 l - a +0 ring mail of poison resistance
 m - a +0 pair of gloves (melded)
 r - a +2 robe of positive energy
 G - +0 acid dragon scales (melded)
Jewellery
 b - an amulet of reflection
 w - a ring of positive energy (left branch)
 D - an amulet of magic regeneration (around neck)
Wands
 j - a wand of acid (10)
 u - a wand of iceblast (19)
 y - a wand of digging (9)
 F - a wand of flame (26)
 H - a wand of charming (10)
Scrolls
 c - 4 scrolls of enchant armour
 d - 2 scrolls of fog {unknown}
 e - 6 scrolls of identify
 f - 2 scrolls of magic mapping
 g - 2 scrolls of blinking {unknown}
 n - 2 scrolls of fear {unknown}
 o - 2 scrolls of immolation {unknown}
 z - a scroll of holy word {unknown}
 A - 4 scrolls of teleportation {unknown}
 B - a scroll of amnesia {unknown}
 E - 2 scrolls of noise {unknown}
Potions
 a - a potion of heal wounds {unknown}
 h - 6 potions of curing
 i - a potion of attraction
 p - a potion of magic {unknown}
 s - a potion of lignification
 v - 2 potions of invisibility {unknown}
 x - a potion of degeneration
 C - 2 potions of brilliance {unknown}


   Skills:
 * Level 4.2 Fighting
 + Level 2.4 Axes
 + Level 0.8 Throwing
 + Level 1.0 Armour
 * Level 6.0 Dodging
 + Level 3.1 Stealth
 + Level 0.4 Shields
 + Level 1.2 Unarmed Combat
 * Level 6.5 Spellcasting
 * Level 3.2 Conjurations
 * Level 9.0 Necromancy
 * Level 4.7 Invocations


You had 15 spell levels left.
You knew the following spells:

 Your Spells              Type           Power      Damage    Failure   Level
a - Pain                  Necr           100%       1d9       1%          1
b - Vampiric Draining     Necr           34%        2d8       1%          3
z - Searing Ray           Conj           30%        2d5       5%          2

Your spell library contained the following spells:

 Spells                   Type           Power      Damage    Failure   Level
 Animate Skeleton         Necr           68%        N/A       1%          1
 Magic Dart               Conj           60%        1d6       3%          1
 Animate Dead             Necr           17%        N/A       3%          4
 Agony                    Necr           34%        N/A       9%          5
 Apportation              Tloc           10%        N/A       13%         1
 Fulminant Prism          Conj/Hex       5%         3d7       54%         4
 Alistair's Intoxication  Tmut/Pois      3%         N/A       98%         5


Dungeon Overview and Level Annotations

Branches:
Dungeon (8/15)             Temple (1/1) D:4            Lair (0/6) D:8
Ossuary (visited)

Altars:
Cheibriados
Dithmenos
Elyvilon
Fedhas
Gozag
Hepliaklqana
Kikubaaqudgha
Makhleb
Okawaru
Qazlal
Ru
Sif Muna
Uskayaw
Vehumet
Wu Jian
Xom
Yredelemnul
Zin
The Shining One

Annotations:
D:5 exclusion: wraith


Innate Abilities, Weirdness & Mutations

You are a tree.
Your roots penetrate the ground, keeping you stationary.
You cannot be teleported.
You are immune to unholy pain and torment.
Your maximum health is greatly increased.
Your equipment is partially melded.
You are resistant to damage.
You can heal yourself by infusing magical energy.
You passively map the area around you.
You do not regenerate.


Message History

Done waiting.
Items here: ))) [ ÷÷ †.
Unknown command.
Things that are here:
a +0 dagger; a +0 ring mail Unknown command.
Things that are here:
a +0 whip; a +0 club; a +0 ring mail
Things that are here:
a +0 dagger; a +0 ring mail
Found a leather armour.
Unknown command.
h - 6 potions of curing (gained 1)
The death yak bellows!
You hear a bellow!
Unknown command.
Unknown command.
The death yak gores you!!
* * * LOW HITPOINT WARNING * * *
The death yak bellows!
Unknown command.
Unknown command.
Okay, then.
It was a potion of attraction.
You feel attractive to monsters. The death yak barely misses you.
The death yak is attracted toward you.
Unknown command.
The death yak barely misses you. The death yak gores you.
The death yak is attracted toward you. The death yak misses you.
The death yak is attracted toward you.
It was a potion of lignification.
You turn into a tree.
Your +0 pair of gloves melds into your body.
Your +0 acid dragon scales melds into your body.
Your roots penetrate the ground.
The death yak gores you.
* * * LOW HITPOINT WARNING * * *
Unknown command.
It was a potion of degeneration.
There was something very wrong with that liquid.
You feel weakened.
You feel dopey.
You feel clumsy. The death yak gores you!!
You die...

,,
,.......................# ,
, .......................#
,,
.........[............####
*
.......$..................
,
*#....................#...#
,
#..................###..##
* ##....###.Y...###### #..#
#..####.#Y...# #.## #..
*#..♣##..# #.# #.
#.##.###.# #.# # ##*### ###
#.# * * ###


You could see 2 death yaks.

Vanquished Creatures
  A death yak (D:8)
  A troll (D:8)
  A wyvern (D:8)
  Menkaure (D:7)
  An acid dragon (D:7)
  An ice beast (D:5)
  A sky beast (D:6)
  6 ogres
  A necrophage (D:6)
  A centaur (D:7)
  A phantom (D:7)
  A kobold brigand (D:4)
  An elf zombie (Ossuary)
  A gnoll sergeant (D:6)
  A wyvern zombie (D:7)
  2 scorpions (D:5)
  6 killer bees (D:6)
  A howler monkey (D:4)
  A bullfrog zombie (D:6)
  6 centaur zombies
  3 human zombies (Ossuary)
  An orc priest (D:4)
  A bullfrog skeleton (D:3)
  4 hounds
  3 iguanas
  4 orc wizards
  A killer bee zombie (D:5)
  2 hound zombies (Ossuary)
  3 mummies (Ossuary)
  4 gnolls (D:6)
  7 adders
  A white imp (D:7)
  3 adder zombies (Ossuary)
  3 worms
  4 dart slugs
  15 orcs
  A ball python (D:1)
  6 endoplasms
  7 giant cockroaches
  3 goblins
  4 hobgoblins
  6 kobolds
  A quokka (D:2)
  4 bats
  3 frilled lizards
  4 goblin zombies (Ossuary)
  3 hobgoblin zombies (Ossuary)
  A jackal zombie (Ossuary)
  5 kobold zombies (Ossuary)
  3 orc zombies (Ossuary)
  A quokka zombie (Ossuary)
  8 rats
  3 rat zombies (Ossuary)
158 creatures vanquished.

Notes
Turn   | Place    | Note
-------+----------+-------------------------------------------
     0 | D:1      | Morbidden the Deep Dwarf Necromancer began the quest for
                  | the Orb.
     0 | D:1      | Reached XP level 1. HP: 15/15 MP: 3/3
   327 | D:1      | Found a faded altar of an unknown god.
   447 | D:1      | Reached XP level 2. HP: 22/22 MP: 1/5
   619 | D:1      | Reached skill level 5 in Necromancy
  1345 | D:2      | Reached XP level 3. HP: 14/28 MP: 0/6
  1363 | D:1      | Learned a level 3 spell: Vampiric Draining
  1926 | D:2      | Reached XP level 4. HP: 25/36 MP: 4/7
  3046 | D:3      | Reached skill level 1 in Fighting
  3046 | D:3      | Reached XP level 5. HP: 20/44 MP: 9/9
  3962 | D:4      | Noticed an ogre
  3968 | D:4      | Killed an ogre
  3969 | D:4      | Reached skill level 1 in Unarmed Combat
  3969 | D:4      | Reached skill level 6 in Necromancy
  3969 | D:4      | Reached XP level 6. HP: 42/51 MP: 0/11
  4330 | D:4      | Found a staircase to the Ecumenical Temple.
  4384 | Temple   | Entered the Ecumenical Temple
  4471 | Temple   | Became a worshipper of Makhleb the Destroyer
  5466 | D:5      | Entered Level 5 of the Dungeon
  5492 | D:5      | Reached XP level 7. HP: 56/60 MP: 1/13
  5495 | D:5      | Learned a level 2 spell: Searing Ray
  5623 | D:5      | Noticed a wraith
  5628 | D:5      | Found a glowing golden altar of the Shining One.
  5792 | D:5      | Reached skill level 7 in Necromancy
  5889 | D:5      | Reached skill level 1 in Invocations
  5984 | D:5      | Found a blossoming altar of Fedhas.
  6367 | D:6      | Found a sand-covered staircase.
  6388 | Ossuary  | Entered an ossuary
  6418 | Ossuary  | Reached skill level 1 in Conjurations
  6435 | Ossuary  | Reached XP level 8. HP: 46/68 MP: 15/15
  6450 | Ossuary  | Reached skill level 1 in Axes
  8479 | Ossuary  | Reached * piety under Makhleb
  9583 | D:6      | Reached skill level 5 in Spellcasting
 10056 | D:6      | Found an ancient bone altar of Kikubaaqudgha.
 10086 | D:6      | Found a shimmering blue altar of Sif Muna.
 10118 | D:6      | Reached skill level 5 in Dodging
 10118 | D:6      | Gained mutation: You passively map the area around you.
                  | [Deep Dwarf growth]
 10118 | D:6      | Reached XP level 9. HP: 41/76 MP: 7/17
 10125 | D:6      | Reached skill level 8 in Necromancy
 10799 | D:7      | Noticed Menkaure
 10812 | D:7      | Killed Menkaure
 11290 | D:7      | Reached ** piety under Makhleb
 11504 | D:8      | Noticed a death yak
 11541 | D:8      | Noticed a troll
 11550 | D:8      | Killed a troll
 11551 | D:8      | Reached skill level 1 in Armour
 11726 | D:8      | Found a stormy altar of Qazlal.
 11771 | D:8      | Noticed a death yak
 11776 | D:8      | Noticed a death yak
 11790 | D:8      | Killed a death yak
 11791 | D:8      | Reached skill level 9 in Necromancy
 12043 | D:8      | HP: 3/78 [death yak (19)]
 12060 | D:8      | HP: 3/117 [death yak (2)]
 12061 | D:8      | Mangled by a death yak

Illustrated notes

Levels and vault maps discovered:
D:1:      dpeg_arrival_erosion, layout_loops_corners,
          hellmonk_ecumenical_altar_arch_garden
D:2:      layout_basic, minmay_misc_feat_iff, grunt_decor_fettered
D:3:      layout_loops_ring
D:4:      layout_basic, temple_hall, patterned_corridor
D:5:      layout_gridville, tso_oasis_becter, lemuel_tele_altar,
          chequers_serial_rivers_small_b
D:6:      layout_layer_cave, minitemple, nicolae_ossuary_entry_ruins
D:7:      layout_basic, uniq_menkaure
D:8:      layout_layer_cave, general_overflow_altar, dpeg_lair_monsters,
          uniq_prince_ribbit1
Temple:   eino_temple_scatter_basement

Skill      XL: |  1  2  3  4  5  6  7  8  9 |
---------------+----------------------------+-----
Spellcasting   | 2 3 4 5 6 |  6.5
Necromancy     | 5 6 7 9 |  9.0
Fighting       | 1 2 3 4 |  4.2
Dodging        | 3 4 5 6 |  6.0
Unarmed Combat | 1 |  1.2
Invocations    | 1 2 4 |  4.7
Conjurations   | 1 2 3 |  3.2
Axes           | 2 |  2.4
Stealth        | 3 |  3.1
Armour         | 1 |  1.0
Throwing       | |  0.8
Shields        | |  0.4

Action                   |  1- 3 |  4- 6 |  7- 9 || total
-------------------------+-------+-------+-------++-------
Melee: Unarmed           |    46 |    35 |       ||    81
       War axe           |       |       |   137 ||   137
       Punch             |       |       |     5 ||     5
Throw: Javelin           |    11 |     5 |    15 ||    31
       Boomerang         |       |       |     6 ||     6
 Cast: Pain              |    48 |    69 |    24 ||   141
       Vampiric Draining |     7 |    24 |    75 ||   106
       Searing Ray       |       |       |    35 ||    35
Evoke: Wand              |       |       |     3 ||     3
  Use: Scroll            |       |       |     2 ||     2
       Potion            |       |       |     4 ||     4
 Stab: Sleeping          |       |     1 |     1 ||     2
Armor: Robe              |    26 |     8 |    76 ||   110
       Acid dragon scale |       |       |    22 ||    22
Dodge: Dodged            |    52 |    36 |   237 ||   325
Block: Other             |     3 |    12 |    33 ||    48
